Match 47164109
Unlisted

Match 47164109
End
Engineer Squad
Construct Barracks
1⁄4-ton 4x4 Truck
Riflemen Squad
Riflemen Squad
Riflemen Squad
Mechanized Support Center
Riflemen Squad
Construct Motor Pool
Grenade Package
M1 Anti-tank Gun Team
M1918 Browning Automatic Rifles
M1 Anti-tank Gun Team
Selects Heavy Weapons
Selects Assault Carriers
Selects Halftrack Strongpoints
Riflemen Squad
Riflemen Squad
Riflemen Squad
Riflemen Squad
Riflemen Squad
Esxile
Bego
CPU - Very Easy
帝国大机霸贝克尔少校
0
0

Comments sign in to comment!

No comments posted yet!